 Dungeon Crawl Stone Soup version 0.21.1-1-g345015fe64 (webtiles) character file.

28906 Losbrottos the Tortoise (level 13, -14/125 HPs)
             Began as a Minotaur Berserker on July 9, 2018.
             Was an Elder of Trog.
             Demolished by a komodo dragon (22 damage)
             ... on level 5 of the Lair of Beasts on July 10, 2018.
             The game lasted 01:22:51 (16129 turns).

Losbrottos the Tortoise (Minotaur Berserker)       Turns: 16129, Time: 01:22:52

Health: -14/125    AC: 13    Str: 27    XL:     13   Next: 12%
Magic:  12/12      EV: 16    Int:  4    God:    Trog [****..]
Gold:   771        SH:  0    Dex: 14    Spells: 12/12 levels left

rFire    + . .     SeeInvis .   G - +5 flail (crush)
rCold    + . .     Gourm    .   (no shield)
rNeg     . . .     Faith    .   W - +2 scale mail of Tofodeefupp {MR+ Slay+6}
rPois    .         Spirit   .   (helmet restricted)
rElec    .         Reflect  .   a - scarf {rC+ rF+}
rCorr    .         Harm     .   h - +0 pair of gloves
MR       ++++.                  (no boots)
Stlth    ..........             (no amulet)
HPRegen  1.30/turn              N - ring of protection from magic
MPRegen  0.13/turn              V - +4 ring of strength

@: berserk cooldown, regenerating, slowed, drained, very slow
A: retaliatory headbutt, horns 2
a: Berserk, Trog's Hand, Brothers in Arms, Burn Spellbooks, Renounce Religion


You were on level 5 of the Lair of Beasts.
You worshipped Trog.
Trog was greatly pleased with you.
You were near starving.

You visited 2 branches of the dungeon, and saw 13 of its levels.
You also visited: Ossuary.

You collected 771 gold pieces.

Inventory:

Hand Weapons
 b - a +1 flail of protection
 j - a +0 vampiric dagger
 o - a +2 dagger of venom
 C - a +1 scythe of flaming
 D - a +1 antimagic great mace
 G - a +5 flail of crushing (weapon)
 R - a +4 quarterstaff of chaos
 U - a +0 dagger of holy wrath
 Y - a +0 shortbow
Missiles
 Z - 5 tomahawks of returning (quivered)
Armour
 a - a scarf of resistance (worn)
 h - a +0 pair of gloves (worn)
 u - a +0 plate armour
 B - the +5 ring mail "Leuxtitz" {Int+3 Dex-4 Stlth+, unknown}
   (You found it on level 8 of the Dungeon)

   It affects your intelligence (+3).
   It affects your dexterity (-4).
   It makes you more stealthy.
 S - a +1 cloak
 W - the +2 scale mail of Tofodeefupp (worn) {MR+ Slay+6}
   (You found it on level 6 of the Dungeon)

   It affects your accuracy and damage with ranged weapons and melee attacks
   (+6).
   It affects your resistance to hostile enchantments.
Jewellery
 f - an uncursed ring of protection from cold
 w - an uncursed ring of stealth
 N - a ring of protection from magic (left hand)
 V - a +4 ring of strength (right hand)
Wands
 d - a wand of enslavement (17)
 x - a wand of digging (7)
 A - a wand of polymorph (4)
 O - a wand of iceblast (16)
Scrolls
 i - 7 scrolls of remove curse
 k - a scroll of vulnerability {unknown}
 n - 2 scrolls of enchant weapon
 q - 7 scrolls of teleportation
 r - a scroll of amnesia
 v - 2 scrolls of random uselessness
 H - 2 scrolls of fear {unknown}
 K - 2 scrolls of torment {unknown}
 M - a scroll of blinking {unknown}
 Q - 2 scrolls of magic mapping {unknown}
 X - 2 scrolls of immolation {unknown}
Potions
 e - 9 potions of curing
 g - 3 potions of might
 l - 6 potions of flight
 m - a potion of degeneration {unknown}
 p - 3 potions of resistance
 s - 4 potions of berserk rage
 y - a potion of mutation {unknown}
 z - 4 potions of cancellation
 E - 2 potions of heal wounds
 F - 3 potions of ambrosia
 I - 2 potions of magic
 J - 3 potions of agility
 L - 4 potions of lignification
 T - a potion of brilliance {unknown}
Books
 t - a book of Changes

   Spells                             Type                      Level
   a - Beastly Appendage              Transmutation                1
   b - Sticks to Snakes               Transmutation                2
   c - Spider Form                    Transmutation/Poison         3
   d - Ice Form                       Ice/Transmutation            4
   e - Blade Hands                    Transmutation                5
   Trog disapproves of the use of such an item.
Comestibles
 c - 12 rations


   Skills:
 + Level 14.4(14.1) Fighting
 - Level 13.0(12.7) Maces & Flails
 + Level 1.3(1.0) Throwing
 + Level 15.0(14.7) Armour
 + Level 9.3(9.0) Dodging
 - Level 0.9(0.7) Stealth
 + Level 0.5(0.3) Unarmed Combat


You had 12 spell levels left.
You didn't know any spells.

Dungeon Overview and Level Annotations

Branches:
Dungeon (8/15)             Temple (0/1) D:7            Lair (5/6) D:8
  Snake (0/4) Lair:3
  Swamp: Lair:2-4    Shoals: Lair:2-4     Slime: Lair:5-6

Altars:
Cheibriados
Dithmenos
Fedhas
Kikubaaqudgha
Okawaru
Qazlal
Sif Muna
Uskayaw
Vehumet
Xom
Zin

Shops:
D:5 %=   D:8 %

Annotations:
Lair:1 exclusion: oklob plant
Lair:2 exclusion: oklob plant


Innate Abilities, Weirdness & Mutations

You reflexively headbutt those who attack you in melee.
You have a pair of horns on your head.


Message History

Josephine completely misses you. You furiously retaliate!
You headbutt Josephine.
You kill Josephine!
Trog accepts your kill.
Trog appreciates your killing of a magic user.
The wraith closely misses you. The komodo dragon bites you.
* * * LOW HITPOINT WARNING * * *
A jelly comes into view.
Things that are here:
a dagger; a glowing robe; the human corpse of Josephine You closely miss the komodo dragon.
The komodo dragon is moderately wounded.
The wraith barely misses you. You furiously retaliate!
You headbutt the wraith! The komodo dragon bites you!!
* * * LOW HITPOINT WARNING * * *
You are near starving!
The wraith hits you but does no damage. The komodo dragon bites you!!
You die...

##......#..............#
.#......##.........#...##
#.......#..#.####.##....
##......+.⌠..###.##...##
.......P#..†..##.##....#
.......####....#.....# #
........ ####†.......#.##
##......
#......⌠W..#...#.#
#..............@l).....>..
.........#...⌠..J⌠........
..<..................
..)...#...⌠...#......
......#.......###....
....#.....##.... ##..
....#...##.##... .. #...
##..⌠


You could see a komodo dragon, a wraith and a jelly.

Vanquished Creatures
  Josephine (Lair:5)
  4 hydras
  A catoblepas (Lair:2)
  A two-headed ogre (D:8)
  4 alligators (Lair:4)
  6 elephants (Lair:5)
  2 black mambas
  10 spiny frogs
  4 komodo dragons
  A troll (D:8)
  A slime creature (Lair:4)
  4 blink frogs (Lair:4)
  5 dream sheep (Lair:2)
  6 hippogriffs
  Sigmund (D:3)
  2 wraiths (Lair:5)
  The ghost of Tali the Skirmisher, an amateur MiFi (D:4)
  A hungry ghost (D:8)
  10 yaks
  6 basilisks
  A steam dragon (D:8)
  3 wargs (D:8)
  4 nagas (Lair:3)
  Edmund (D:4)
  Menkaure (D:4)
  3 swamp worms (Lair:4)
  7 porcupines
  15 water moccasins
  A swamp drake (Lair:4)
  A black bear (D:7)
  A necrophage (D:7)
  A sky beast (D:7)
  5 ogres
  An orc warrior (D:8)
  2 phantoms
  3 centaurs
  13 wolves
  8 crocodiles
  3 big kobolds
  9 bullfrogs
  3 scorpions
  A howler monkey (D:4)
  A bullfrog zombie (D:8)
  2 crimson imps (D:7)
  Crazy Yiuf (D:6)
  A quasit (D:7)
  2 orc priests (D:8)
  3 bullfrog skeletons
  3 hounds
  10 orc wizards
  2 centaur skeletons
  Ijyb (D:3)
  Terence (D:3)
  3 iguanas
  4 worker ants
  11 mummies (Ossuary)
  A hound skeleton (D:4)
  6 adders
  3 gnolls (D:8)
  A shadow imp (D:6)
  An ooze (D:1)
  An adder zombie (D:8)
  A worm (D:2)
  5 dart slugs
  6 leopard geckos
  24 orcs
  8 bats
  8 giant cockroaches
  12 goblins
  7 hobgoblins
  9 jackals
  19 kobolds
  3 quokkas
  A ball python (D:8)
  5 frilled lizards
  4 gnoll skeletons (Ossuary)
  A goblin skeleton (Ossuary)
  2 jackal skeletons
  3 orc skeletons (Ossuary)
  9 rats
  11 rat skeletons (Ossuary)
  3 plants
357 creatures vanquished.

Vanquished Creatures (others)
  2 fungi
  A plant (Lair:2)
3 creatures vanquished.

Grand Total: 360 creatures vanquished

Notes
Turn   | Place    | Note
-------+----------+-------------------------------------------
     0 | D:1      | Losbrottos the Minotaur Berserker began the quest for the Orb.
     0 | D:1      | Reached XP level 1. HP: 19/19 MP: 0/0
   295 | D:1      | Reached XP level 2. HP: 27/27 MP: 1/1
   519 | D:1      | Reached XP level 3. HP: 33/33 MP: 2/2
   722 | D:1      | Reached ** piety under Trog
  1051 | D:2      | Found a faded altar of an unknown god.
  1090 | D:2      | Reached XP level 4. HP: 33/41 MP: 3/3
  2048 | D:2      | Reached skill level 5 in Maces & Flails
  2089 | D:3      | Found a hide-covered altar of Uskayaw.
  2091 | D:3      | Found a blossoming altar of Fedhas.
  2272 | D:3      | Reached skill level 3 in Armour
  2437 | D:3      | Noticed Ijyb
  2516 | D:3      | Killed Ijyb
  2516 | D:3      | Reached XP level 5. HP: 47/47 MP: 4/4
  2560 | D:3      | Found an iron altar of Okawaru.
  2609 | D:3      | Noticed Sigmund
  2634 | D:3      | Killed Sigmund
  2634 | D:3      | Reached skill level 5 in Fighting
  2634 | D:3      | Reached skill level 4 in Armour
  2634 | D:3      | Reached XP level 6. HP: 56/56 MP: 5/5
  2812 | D:3      | Found a glowing silver altar of Zin.
  2854 | D:3      | Noticed Terence
  2862 | D:3      | Killed Terence
  3302 | D:4      | Noticed Edmund
  3312 | D:4      | Killed Edmund
  3330 | D:4      | Found a sand-covered staircase.
  3338 | Ossuary  | Entered an ossuary
  3395 | Ossuary  | Reached XP level 7. HP: 61/61 MP: 6/6
  3552 | Ossuary  | Reached *** piety under Trog
  3589 | Ossuary  | Reached skill level 5 in Armour
  3886 | D:4      | Noticed Tali's ghost (amateur MiFi)
  3903 | D:4      | Killed Tali's ghost
  3916 | D:4      | Reached XP level 8. HP: 27/70 MP: 7/7
  3922 | D:4      | Noticed Menkaure
  3942 | D:5      | Entered Level 5 of the Dungeon
  4158 | D:4      | Killed Menkaure
  4158 | D:4      | Reached skill level 6 in Armour
  4416 | D:4      | Found a radiant altar of Vehumet.
  4808 | D:5      | Found Ubran's Food Shop.
  4836 | D:5      | Found Geissed's Jewellery Emporium.
  4934 | D:5      | Found a stormy altar of Qazlal.
  5214 | D:5      | Found a shadowy altar of Dithmenos.
  5424 | D:6      | Found a deep blue altar of Sif Muna.
  5429 | D:6      | Found a shimmering altar of Xom.
  5613 | D:6      | Found a runed door.
  5617 | D:6      | Noticed Crazy Yiuf
  5624 | D:6      | Killed Crazy Yiuf
  5998 | D:6      | Got a faintly glowing scale mail
  6017 | D:6      | Identified the +2 scale mail of Tofodeefupp {MR+ Slay+6} (You found it on level 6 of the Dungeon)
  6477 | D:7      | Reached skill level 7 in Armour
  6609 | D:7      | Reached skill level 10 in Maces & Flails
  6735 | D:7      | Reached XP level 9. HP: 79/79 MP: 8/8
  6898 | D:7      | Reached skill level 8 in Armour
  7111 | D:7      | Reached **** piety under Trog
  7236 | D:7      | Found a staircase to the Ecumenical Temple.
  7395 | D:7      | Found an ancient bone altar of Kikubaaqudgha.
  7957 | D:8      | Found Honau's Food Shop.
  8001 | D:8      | Reached skill level 1 in Throwing
  8288 | D:8      | Got a heavily runed ring mail
  8290 | D:8      | Found a snail-covered altar of Cheibriados.
  8403 | D:8      | Noticed a two-headed ogre
  8413 | D:8      | Killed a two-headed ogre
  8413 | D:8      | Reached skill level 9 in Armour
  8413 | D:8      | Reached XP level 10. HP: 90/90 MP: 9/9
  8421 | D:8      | Reached skill level 5 in Dodging
  8508 | D:8      | Found a staircase to the Lair.
  8976 | Lair:1   | Entered Level 1 of the Lair of Beasts
  9257 | Lair:1   | Noticed a spiny frog
  9268 | Lair:1   | Killed a spiny frog
  9268 | Lair:1   | Reached ***** piety under Trog
  9268 | Lair:1   | Reached skill level 10 in Armour
  9327 | Lair:1   | Noticed a spiny frog
  9332 | Lair:1   | Killed a spiny frog
  9407 | Lair:1   | Noticed a spiny frog
  9414 | Lair:1   | Killed a spiny frog
  9414 | Lair:1   | Reached skill level 10 in Fighting
  9550 | Lair:1   | Noticed a spiny frog
  9559 | Lair:1   | Killed a spiny frog
  9559 | Lair:1   | Reached XP level 11. HP: 79/99 MP: 10/10
 10149 | Lair:1   | Noticed a four-headed hydra
 10155 | Lair:1   | Killed a four-headed hydra
 10155 | Lair:1   | Reached skill level 11 in Armour
 10470 | Lair:1   | Noticed an oklob plant
 10629 | Lair:2   | Received a gift from Trog
 10915 | Lair:2   | Reached skill level 12 in Armour
 11025 | Lair:2   | Noticed a catoblepas
 11033 | Lair:2   | Killed a catoblepas
 11643 | Lair:2   | Noticed an oklob plant
 12487 | Lair:3   | Noticed an eight-headed hydra
 12499 | Lair:3   | Killed an eight-headed hydra
 12499 | Lair:3   | Reached skill level 13 in Armour
 12894 | Lair:3   | Found an iron altar of Okawaru.
 12967 | Lair:3   | Reached XP level 12. HP: 112/112 MP: 11/11
 13109 | Lair:3   | Found a staircase to the Snake Pit.
 13524 | Lair:4   | Noticed a seven-headed hydra
 13532 | Lair:4   | Killed a seven-headed hydra
 13786 | Lair:4   | Noticed a seven-headed hydra
 13791 | Lair:4   | Killed a seven-headed hydra
 14184 | Lair:4   | Reached skill level 14 in Armour
 14790 | Lair:4   | Noticed an alligator
 14881 | Lair:4   | Killed an alligator
 15121 | Lair:4   | Noticed an alligator
 15122 | Lair:4   | Noticed an alligator
 15133 | Lair:4   | Killed an alligator
 15136 | Lair:4   | Killed an alligator
 15146 | Lair:4   | Noticed an alligator
 15157 | Lair:4   | Killed an alligator
 15892 | Lair:5   | Reached XP level 13. HP: 118/124 MP: 12/12
 16112 | Lair:5   | Noticed Josephine
 16118 | Lair:5   | Reached skill level 15 in Armour
 16125 | Lair:5   | Killed Josephine
 16127 | Lair:5   | HP: 4/125 [komodo dragon (24)]
 16129 | Lair:5   | Demolished by a komodo dragon

Skill      XL: |  1  2  3  4  5  6  7  8  9 10 11 12 13 |
---------------+----------------------------------------+-----
Fighting       | 4 5 7 8 10 12 14 | 14.4
Maces & Flails | 4 5 6 8 10 12 13 | 13.0
Armour         | 3 4 5 7 9 10 13 14 15 | 15.0
Dodging        | 3 4 6 7 9 |  9.3
Throwing       | 1 |  1.3
Stealth        | |  0.9
Unarmed Combat | |  0.5

Action                   |  1- 3 |  4- 6 |  7- 9 | 10-12 | 13-15 || total
-------------------------+-------+-------+-------+-------+-------++-------
Melee: Mace              |    71 |    76 |       |       |       ||   147
       Headbutt          |     7 |    22 |    36 |    94 |    11 ||   170
       Unarmed           |       |     4 |       |       |       ||     4
       Flail             |       |    15 |   241 |   348 |    26 ||   630
       Punch             |       |       |     2 |       |       ||     2
Throw: Stone             |       |       |     5 |       |       ||     5
Invok: Berserk           |       |     5 |    14 |    10 |     1 ||    30
       Trog's Hand       |       |     2 |    11 |     9 |     1 ||    23
  Use: Scroll            |       |       |    16 |     5 |     1 ||    22
       Potion            |       |       |       |     1 |       ||     1
  Eat: Chunk             |       |     4 |     2 |     5 |       ||    11
       Ration            |       |     3 |     9 |     9 |       ||    21
Armor: Animal skin       |     7 |       |       |       |       ||     7
       Ring mail         |    21 |     6 |       |       |       ||    27
       Plate armour      |       |    42 |    85 |       |       ||   127
       Scale mail        |       |       |    42 |   146 |     8 ||   196
Dodge: Dodged            |    65 |    36 |   124 |   266 |    22 ||   513
